| TOP OF THE 1ST |
|
Arkansas Travelers batting - Pitching for Jackson Generals : RHP Chris Gilbo
|
|
Pitching: RHP Chris Gilbo
|
|
|
Batting: RHB Jasper Burd
|
0-0: Called Strike 0-1: Ball 1-1: Ball 2-1: Swinging Strike 2-2: Strikes out swinging
|
|
Batting: RHB Bjoern Waltersson
|
0-0: Fly out, F8 (Flyball, 8LS, EV 89.4 MPH)
|
|
Batting: RHB Andres Mendiola
|
0-0: Ball 1-0: Called Strike 1-1: Foul Ball, location: 2F 1-2: Foul Ball, location: 2F 1-2: Strikes out swinging
|
| Top of the 1st over - 0 runs, 0 hits, 0 errors, 0 left on base; Arkansas 0 - Jackson 0 |
| BOTTOM OF THE 1ST |
|
Jackson Generals batting - Pitching for Arkansas Travelers : RHP Gus Morante
|
|
Pitching: RHP Gus Morante
|
|
|
Batting: RHB Malik Brookshire
|
0-0: Called Strike 0-1: Called Strike 0-2: Ball 1-2: SINGLE (Groundball, 56S, EV 73.8 MPH) (infield hit)
|
|
Batting: LHB Ignacio Bernal
|
0-0: Called Strike 0-1: Ball 1-1: Ball 2-1: Fielders Choice at 2nd, 1-6 (Groundball, 13S, EV 65.0 MPH)
|
|
Batting: LHB Jerrod Cluck
|
0-0: Called Strike Ignacio Bernal steals 2nd base (no throw) 0-1: Swinging Strike 0-2: Ball 1-2: Ball 2-2: Ball 3-2: Foul Ball, location: 2F 3-2: Foul Ball, location: 2F 3-2: Base on Balls
|
|
Batting: LHB Cliff Thomas
|
0-0: Ball 1-0: Swinging Strike 1-1: Ball 2-1: Foul Ball, location: 2F 2-2: Strikes out swinging
|
|
Batting: RHB Tony Vargas
|
0-0: Ball 1-0: Ground out U3 (Groundball, 3, EV 87.5 MPH)
|
| Bottom of the 1st over - 0 runs, 1 hit, 0 errors, 2 left on base; Arkansas 0 - Jackson 0 |
| TOP OF THE 2ND |
|
Arkansas Travelers batting - Pitching for Jackson Generals : RHP Chris Gilbo
|
|
Batting: SHB Mario Padron
|
0-0: Called Strike 0-1: Called Strike 0-2: Strikes out swinging wild pitch, reaches first!
|
|
Batting: LHB Tyler Meier
|
0-0: Called Strike 0-1: Ball Mario Padron steals 2nd base 1-1: Ball 2-1: Ball 3-1: Base on Balls
|
|
Batting: LHB Barrfhionn O'Toole
|
0-0: Called Strike 0-1: Ball 1-1: Called Strike 1-2: Ball 2-2: Reached via error on a dropped throw from 2B, E3 (Groundball, 4S, EV 72.5 MPH) Mario Padron to third Tyler Meier to second
|
|
Batting: LHB Sean Corderman
|
0-0: Foul Ball, location: 2F 0-1: Foul Ball, location: 2F 0-2: Foul Ball, location: 2F 0-2: Ball 1-2: Grounds into double play, 4-6-3 (Groundball, 4, EV 78.8 MPH) Mario Padron scores Tyler Meier to third
|
|
Batting: RHB David Young
|
0-0: Ground out 2-3 (Groundball, 2L, EV 70.6 MPH)
|
| Top of the 2nd over - 1 run, 0 hits, 1 error, 1 left on base; Arkansas 1 - Jackson 0 |
| BOTTOM OF THE 2ND |
|
Jackson Generals batting - Pitching for Arkansas Travelers : RHP Gus Morante
|
|
Batting: LHB Tom Reynolds
|
0-0: Called Strike 0-1: Swinging Strike 0-2: Strikes out swinging
|
|
Batting: RHB Harutomi Matsubara
|
0-0: Fly out, F9 (Flyball, 9S, EV 82.5 MPH)
|
|
Batting: LHB Dwain Ashford
|
0-0: Foul Ball, location: 2F 0-1: Ground out U3 (Groundball, 3, EV 86.9 MPH)
|
| Bottom of the 2nd over - 0 runs, 0 hits, 0 errors, 0 left on base; Arkansas 1 - Jackson 0 |
| TOP OF THE 3RD |
|
Arkansas Travelers batting - Pitching for Jackson Generals : RHP Chris Gilbo
|
|
Batting: RHB Roberto Martinez
|
0-0: Called Strike 0-1: Swinging Strike 0-2: Strikes out swinging
|
|
Batting: RHB Jasper Burd
|
0-0: Foul Ball, location: 2F 0-1: Ball 1-1: Swinging Strike 1-2: Ball 2-2: Foul Ball, location: 2F 2-2: Ground out 6-3 (Groundball, 6, EV 103.1 MPH)
|
|
Batting: RHB Bjoern Waltersson
|
0-0: Foul Ball, location: 2F 0-1: Fly out, F7 (Line Drive, 7, EV 93.1 MPH)
|
| Top of the 3rd over - 0 runs, 0 hits, 0 errors, 0 left on base; Arkansas 1 - Jackson 0 |
| BOTTOM OF THE 3RD |
|
Jackson Generals batting - Pitching for Arkansas Travelers : RHP Gus Morante
|
|
Batting: RHB Brad Robidas
|
0-0: Ball 1-0: Fly out, F7 (Flyball, 78S, EV 87.5 MPH)
|
|
Batting: RHB Malik Brookshire
|
0-0: Called Strike 0-1: Called Strike 0-2: Strikes out swinging
|
|
Batting: LHB Ignacio Bernal
|
0-0: Ball 1-0: SINGLE (Groundball, 34D, EV 95.6 MPH)
|
|
Batting: LHB Jerrod Cluck
|
Pickoff Throw to First - Out! 1-3
|
| Bottom of the 3rd over - 0 runs, 1 hit, 0 errors, 0 left on base; Arkansas 1 - Jackson 0 |
| TOP OF THE 4TH |
|
Arkansas Travelers batting - Pitching for Jackson Generals : RHP Chris Gilbo
|
|
Batting: RHB Andres Mendiola
|
0-0: Foul Ball, location: 2F 0-1: Ball 1-1: Swinging Strike 1-2: Strikes out swinging
|
|
Batting: SHB Mario Padron
|
0-0: Ground out U3 (Groundball, 3, EV 82.5 MPH)
|
|
Batting: LHB Tyler Meier
|
0-0: Called Strike 0-1: SINGLE (Groundball, 34D, EV 95.0 MPH)
|
|
Batting: LHB Barrfhionn O'Toole
|
0-0: Fly out, F8 (Flyball, 89D, EV 97.5 MPH)
|
| Top of the 4th over - 0 runs, 1 hit, 0 errors, 1 left on base; Arkansas 1 - Jackson 0 |
| BOTTOM OF THE 4TH |
|
Jackson Generals batting - Pitching for Arkansas Travelers : RHP Gus Morante
|
|
Batting: LHB Jerrod Cluck
|
0-0: Ball 1-0: Ball 2-0: Called Strike 2-1: Called Strike 2-2: Ball 3-2: Strikes out swinging
|
|
Batting: LHB Cliff Thomas
|
0-0: Ball 1-0: Ball 2-0: Called Strike 2-1: Ball 3-1: Swinging Strike 3-2: Strikes out looking
|
|
Batting: RHB Tony Vargas
|
0-0: Called Strike 0-1: Foul Ball, location: 2F 0-2: Foul Ball, location: 2F 0-2: Ball 1-2: Ball 2-2: Foul Ball, location: 2F 2-2: Ball 3-2: Foul Ball, location: 2F 3-2: Fly out, F9 (Flyball, 9, EV 84.4 MPH)
|
| Bottom of the 4th over - 0 runs, 0 hits, 0 errors, 0 left on base; Arkansas 1 - Jackson 0 |
| TOP OF THE 5TH |
|
Arkansas Travelers batting - Pitching for Jackson Generals : RHP Chris Gilbo
|
|
Batting: LHB Sean Corderman
|
0-0: Foul Ball, location: 2F 0-1: Swinging Strike 0-2: Ball 1-2: Ball 2-2: DOUBLE (Groundball, 5L, EV 95.0 MPH)
|
|
Batting: RHB David Young
|
0-0: Ball 1-0: Swinging Strike 1-1: Ball 2-1: Foul Ball, location: 2F 2-2: Ball Wild Pitch! Sean Corderman to third 3-2: Base on Balls
|
|
Batting: RHB Roberto Martinez
|
0-0: Ball 1-0: Ball 2-0: Foul Ball, location: 2F 2-1: Foul Ball, location: 2F 2-2: Ball 3-2: Strikes out swinging
|
|
Batting: RHB Jasper Burd
|
0-0: Called Strike 0-1: Foul Ball, location: 2F 0-2: Strikes out swinging
|
|
Batting: RHB Bjoern Waltersson
|
0-0: Called Strike 0-1: Ball 1-1: Ball 2-1: Ball 3-1: Foul Ball, location: 2F 3-2: DOUBLE (Line Drive, 89M, EV 104.4 MPH) Sean Corderman scores David Young to third David Young scores
|
|
Batting: RHB Andres Mendiola
|
0-0: Called Strike 0-1: Foul Ball, location: 2F 0-2: Foul Ball, location: 2F 0-2: Strikes out swinging
|
| Top of the 5th over - 2 runs, 2 hits, 0 errors, 1 left on base; Arkansas 3 - Jackson 0 |
| BOTTOM OF THE 5TH |
|
Jackson Generals batting - Pitching for Arkansas Travelers : RHP Gus Morante
|
|
Batting: LHB Tom Reynolds
|
0-0: Called Strike 0-1: Ball 1-1: Foul Ball, location: 2F 1-2: Foul Ball, location: 2F 1-2: Ball 2-2: Foul Ball, location: 2F 2-2: Ball 3-2: Foul Ball, location: 2F 3-2: Base on Balls
|
|
Pitching: RHP Mike Guidroz
|
|
|
Batting: RHB Harutomi Matsubara
|
0-0: Ball 1-0: Fly out, F8 (Line Drive, 8LD, EV 91.2 MPH)
|
|
Batting: LHB Dwain Ashford
|
0-0: Called Strike Tom Reynolds steals 2nd base 0-1: Ball 1-1: Ball 2-1: Fly out, F7 (Flyball, 7D, EV 98.8 MPH) Runner from 2nd tags up, SAFE at 3rd, no throw by LF
|
|
Batting: RHB Brad Robidas
|
0-0: Called Strike 0-1: Ball 1-1: Swinging Strike 1-2: Foul Ball, location: 2F 1-2: Foul Ball, location: 2F 1-2: Ball 2-2: SINGLE (Line Drive, 78M, EV 109.4 MPH) Tom Reynolds scores
|
|
Batting: RHB Malik Brookshire
|
0-0: Ball Brad Robidas steals 2nd base (no throw) 1-0: Ball 2-0: Called Strike 2-1: Foul Ball, location: 2F 2-2: Ball 3-2: Strikes out swinging
|
| Bottom of the 5th over - 1 run, 1 hit, 0 errors, 1 left on base; Arkansas 3 - Jackson 1 |
| TOP OF THE 6TH |
|
Arkansas Travelers batting - Pitching for Jackson Generals : RHP Chris Gilbo
|
|
Batting: SHB Mario Padron
|
0-0: Foul Ball, location: 2F 0-1: Reached on error, E3 (Groundball, 34S, EV 81.9 MPH)
|
|
Pitching: RHP Aidan Martin
|
|
|
Batting: LHB Tyler Meier
|
0-0: Ball Mario Padron steals 2nd base 1-0: Foul Ball, location: 2F 1-1: Foul Ball, location: 2F 1-2: Ball 2-2: Foul Ball, location: 2F 2-2: Ball 3-2: Foul Ball, location: 2F 3-2: Base on Balls
|
|
Batting: LHB Barrfhionn O'Toole
|
0-0: Foul Ball, location: 2F 0-1: Foul Ball, location: 2F 0-2: Fly out, F6 (Line Drive, 6, EV 71.9 MPH) Lined into DP, 6-4 (Line Drive, 6, EV 76.9 MPH)
|
|
Batting: LHB Sean Corderman
|
0-0: Called Strike Tyler Meier steals 2nd base 0-1: Fly out, F9 (Flyball, 9S, EV 88.1 MPH)
|
| Top of the 6th over - 0 runs, 0 hits, 1 error, 1 left on base; Arkansas 3 - Jackson 1 |
| BOTTOM OF THE 6TH |
|
Jackson Generals batting - Pitching for Arkansas Travelers : RHP Mike Guidroz
|
|
Batting: LHB Ignacio Bernal
|
0-0: Called Strike 0-1: SOLO HOME RUN (Flyball, 9LD, EV 96.9 MPH), Distance : 344 ft
|
|
Batting: LHB Jerrod Cluck
|
0-0: Ground out 6-3 (Groundball, 6, EV 88.1 MPH)
|
|
Batting: LHB Cliff Thomas
|
0-0: Ball 1-0: Called Strike 1-1: SINGLE (Groundball, 4D, EV 108.1 MPH)
|
|
Batting: RHB Tony Vargas
|
0-0: Foul Ball, location: 2F 0-1: Foul Ball, location: 2F 0-2: Ball 1-2: Ball 2-2: Foul Ball, location: 2F 2-2: Ball 3-2: Fly out, F8 (Line Drive, 8RD, EV 89.4 MPH)
|
|
Pitching: RHP Jason Smallwood
|
|
|
Batting: LHB Tom Reynolds
|
0-0: Ball 1-0: Foul Ball, location: 2F 1-1: Swinging Strike 1-2: Ball 2-2: Strikes out swinging
|
| Bottom of the 6th over - 1 run, 2 hits, 0 errors, 1 left on base; Arkansas 3 - Jackson 2 |
| TOP OF THE 7TH |
|
Arkansas Travelers batting - Pitching for Jackson Generals : RHP Aidan Martin
|
|
Batting: RHB David Young
|
0-0: Fly out, F8 (Line Drive, 8RM, EV 91.2 MPH)
|
|
Batting: RHB Roberto Martinez
|
0-0: Called Strike 0-1: Foul Ball, location: 2F 0-2: SINGLE (Line Drive, 89M, EV 106.9 MPH)
|
|
Batting: RHB Jasper Burd
|
0-0: Called Strike 0-1: Called Strike 0-2: Ball 1-2: Ball 2-2: Strikes out looking
|
|
Batting: RHB Bjoern Waltersson
|
0-0: Called Strike 0-1: Called Strike 0-2: Foul Ball, location: 2F 0-2: Ball 1-2: Ball 2-2: Foul Ball, location: 2F 2-2: Ball 3-2: Foul Ball, location: 2F 3-2: Foul Ball, location: 2F 3-2: Strikes out looking
|
| Top of the 7th over - 0 runs, 1 hit, 0 errors, 1 left on base; Arkansas 3 - Jackson 2 |
| BOTTOM OF THE 7TH |
|
Jackson Generals batting - Pitching for Arkansas Travelers : RHP Jason Smallwood
|
|
Batting: RHB Harutomi Matsubara
|
0-0: Ball 1-0: Ball 2-0: Called Strike 2-1: Swinging Strike 2-2: Strikes out swinging, 2-3 out at first.
|
|
Batting: LHB Dwain Ashford
|
0-0: Called Strike 0-1: Foul Ball, location: 2F 0-2: Ground out 4-3 (Groundball, 4, EV 99.4 MPH)
|
|
Batting: RHB Brad Robidas
|
0-0: Called Strike 0-1: Called Strike 0-2: Fly out, F4 (Line Drive, 4, EV 65.6 MPH)
|
| Bottom of the 7th over - 0 runs, 0 hits, 0 errors, 0 left on base; Arkansas 3 - Jackson 2 |
| TOP OF THE 8TH |
|
Arkansas Travelers batting - Pitching for Jackson Generals : RHP Aidan Martin
|
|
Pitching: RHP Kurt Loscalzo
|
|
|
Batting: RHB Andres Mendiola
|
0-0: Ball 1-0: Ball 2-0: Called Strike 2-1: Called Strike 2-2: Ground out 6-3 (Groundball, P, EV 91.2 MPH)
|
|
Batting: SHB Mario Padron
|
0-0: Called Strike 0-1: Swinging Strike 0-2: Ball 1-2: Ball 2-2: Strikes out swinging
|
|
Batting: LHB Tyler Meier
|
0-0: Called Strike 0-1: Called Strike 0-2: Strikes out looking
|
| Top of the 8th over - 0 runs, 0 hits, 0 errors, 0 left on base; Arkansas 3 - Jackson 2 |
| BOTTOM OF THE 8TH |
|
Jackson Generals batting - Pitching for Arkansas Travelers : RHP Jason Smallwood
|
|
Pitching: RHP Andino Calzaghe
|
|
|
Batting: RHB Malik Brookshire
|
0-0: Ball 1-0: Ball 2-0: Ball 3-0: Base on Balls
|
|
Batting: LHB Ignacio Bernal
|
0-0: Bunt missed! 0-1: Bunted foul 0-2: Ball 1-2: Foul Ball, location: 2F 1-2: Ball 2-2: Fielders Choice at 2nd, 4-6 (Groundball, 4, EV 79.4 MPH)
|
|
Batting: LHB Jerrod Cluck
|
0-0: Ball 1-0: Called Strike 1-1: SINGLE (Groundball, 4D, EV 100.6 MPH) Ignacio Bernal to second Runner from 2nd tries for 3rd, SAFE, throw by CF made to third Jerrod Cluck to second
|
|
Batting: LHB Cliff Thomas
|
0-0: Called Strike 0-1: Ball 1-1: Foul Ball, location: 2F 1-2: Ball 2-2: Ball 3-2: Strikes out swinging
|
|
Batting: RHB Tony Vargas
|
0-0: Ball 1-0: SINGLE (Groundball, 4MD, EV 98.1 MPH) Ignacio Bernal scores Jerrod Cluck to third Runner from 3rd tries for Home, SAFE, throw by CF to home
|
|
Batting: LHB Tom Reynolds
|
0-0: SINGLE (Groundball, 13, EV 83.1 MPH) (infield hit) Tony Vargas to second
|
|
Batting: RHB Harutomi Matsubara
|
0-0: Foul Ball, location: 2F 0-1: SINGLE (Line Drive, 9LS, EV 93.1 MPH) Tony Vargas to third Tom Reynolds to second Runner from 3rd tries for Home, SAFE, throw by RF to home
|
|
Pitching: RHP Eric Cunningham
|
|
|
Batting: LHB Dwain Ashford
|
0-0: Called Strike 0-1: Ball 1-1: Fly out, F8 (Flyball, 8LD, EV 92.5 MPH)
|
| Bottom of the 8th over - 3 runs, 4 hits, 0 errors, 2 left on base; Arkansas 3 - Jackson 5 |
| TOP OF THE 9TH |
|
Arkansas Travelers batting - Pitching for Jackson Generals : RHP Kurt Loscalzo
|
|
Now at C: Malik Brookshire
|
|
|
Now at 1B: Cliff Thomas
|
|
|
Now at 2B: Jesus Torres
|
|
|
Now in CF: Ignacio Bernal
|
|
|
Now in RF: Micah Roth
|
|
|
Batting: LHB Barrfhionn O'Toole
|
0-0: Called Strike 0-1: Called Strike 0-2: Ball 1-2: Foul Ball, location: 2F 1-2: Foul Ball, location: 2F 1-2: Strikes out looking
|
|
Batting: LHB Sean Corderman
|
0-0: Ball 1-0: Ball 2-0: Ball 3-0: Called Strike 3-1: Called Strike 3-2: Ground out 4-3 (Groundball, 4, EV 98.8 MPH)
|
|
Batting: RHB David Young
|
0-0: Ball 1-0: Called Strike 1-1: Swinging Strike 1-2: Foul Ball, location: 2F 1-2: Ground out 5-3 (Groundball, 5, EV 90.6 MPH)
|
| Top of the 9th over - 0 runs, 0 hits, 0 errors, 0 left on base; Arkansas 3 - Jackson 5 |
|